 Dungeon Crawl Stone Soup version 0.25.1-1-g288607f (webtiles) character file.

Game seed: 12029085559788101823

382 RonnieColeman the Conjurer (level 6, -5/36 HPs)
             Began as an Octopode Conjurer on July 26, 2020.
             Slain by an iguana (12 damage)
             ... on level 5 of the Dungeon.
             The game lasted 00:10:01 (4598 turns).

RonnieColeman the Conjurer (Octopode Conjurer)      Turns: 4598, Time: 00:10:01

Health: -5/36      AC:  1    Str:  7    XL:     6   Next: 76%
Magic:  23/23      EV: 13    Int: 26    God:
Gold:   243        SH:  0    Dex: 12    Spells: 10/15 levels left

rFire    . . .     SeeInvis .   i - +3 hand axe
rCold    . . .     Gourm    .   (no shield)
rNeg     . . .     Faith    .   (helmet restricted)
rPois    .         Spirit   .   (no amulet)
rElec    .         Reflect  .   f - ring of magical power
rCorr    .         Harm     .   r - +6 ring of intelligence
MR       .....                  (no ring)
Stlth    +++.......             (no ring)
HPRegen  0.12/turn              (no ring)
MPRegen  0.18/turn              (no ring)
                                (no ring)
                                (no ring)

@: no status effects
A: almost no armour, stealthy swim, amphibious, 8 rings, constrict 8, camouflage
1, gelatinous body 1
a: no special abilities


You were on level 5 of the Dungeon.
You were not hungry.

You visited 1 branch of the dungeon, and saw 5 of its levels.

You collected 243 gold pieces.

Inventory:

Hand Weapons
 a - a +0 dagger
 i - a +3 hand axe (weapon)
Armour
 n - a +2 kite shield
Jewellery
 f - a ring of magical power (left tentacle)
 r - a +6 ring of intelligence (right tentacle)
Wands
 l - a wand of clouds (5)
 u - a wand of polymorph (9)
 v - a wand of digging (5)
Scrolls
 e - a scroll of amnesia {unknown}
 g - 5 scrolls of identify {unknown}
 h - 4 scrolls of fog {unknown}
 j - 3 scrolls of immolation {unknown}
 m - a scroll of magic mapping {unknown}
 o - a scroll of random uselessness {unknown}
 q - 3 scrolls of teleportation {unknown}
 s - a scroll of fear {unknown}
 t - 2 scrolls of remove curse {unknown}
Potions
 c - 2 potions of heal wounds {unknown}
 d - a potion of ambrosia {unknown}
 k - a potion of curing {unknown}
 p - 2 potions of brilliance {unknown}
Comestibles
 b - 5 rations


   Skills:
 - Level 2.0 Dodging
 - Level 2.6 Stealth
 * Level 5.3 Spellcasting
 + Level 5.5 Conjurations


You had 10 spell levels left.
You knew the following spells:

 Your Spells              Type           Power        Failure   Level  Hunger
a - Magic Dart            Conj           ####         1%          1    None
c - Iskenderun's Mystic   Conj/Tloc      ###.....     24%         4    ###....

Your spell library contained the following spells:

 Spells                   Type           Power        Failure   Level  Hunger
 Searing Ray              Conj           #####.       1%          2    None
 Dazzling Flash           Conj/Hex       ###...       7%          3    #......
 Fulminant Prism          Conj/Hex       ###.......   24%         4    ###....


Dungeon Overview and Level Annotations

Branches:
Dungeon (5/15)
 Temple: D:4-7

Altars:

Shops:
D:4 (


Innate Abilities, Weirdness & Mutations

You cannot wear most types of armour.
You are very stealthy in the water. (Stealth+)
You are amphibious.
You can wear up to eight rings at the same time.
You can use your tentacles to constrict eight enemies at once.
Your skin changes colour to match your surroundings (Stealth+).
Your rubbery body absorbs attacks. (AC +1, EV +1)


Message History

You squeeze the iguana.
The iguana is moderately wounded.
The iguana bites you!
You hit the iguana but do no damage. You grab the iguana.
The iguana is moderately wounded.
You constrict the iguana, but do no damage.
The iguana bites you.
You hit the iguana but do no damage.
The iguana is moderately wounded.
You constrict the iguana, but do no damage.
The iguana bites you. The iguana barely misses you.
You hit the iguana.
The iguana is severely wounded.
You constrict the iguana. The iguana bites you!
* * * LOW HITPOINT WARNING * * *
You release your grip on the iguana.
You see here a cloak.
You eat one of the 6 rations.
That ration really hit the spot!
The iguana bites you!
You die...

###########
#.........#
.......#.# ..... .#
#############.###.#
.................>#
##.##...##.##.##Z##
##.##...##.##.##l#
...##...##.##.##@#
##...[.Z...##.##.#
#.........##.##.#
#.........##.##.#####
#.#.......#.........#
#.#..####.#..##.###.#
..##.# #.#..##.#...#
#####.. #.#..##.#.###
##.. .#..##.#.#


You could see an iguana and an adder skeleton.

Vanquished Creatures
  A crimson imp (D:3)
  A hound (D:4)
  A centaur skeleton (D:4)
  2 orc wizards (D:4)
  4 worker ants (D:4)
  A howler monkey skeleton (D:4)
  4 adders
  2 oozes
  3 worms
  4 leopard geckos
  7 orcs
  2 ball pythons
  6 hobgoblins
  4 jackals (D:3)
  3 quokkas
  7 bats
  6 frilled lizards
  5 goblins
  8 kobolds
  6 rats
77 creatures vanquished.

Notes
Turn   | Place    | Note
-------+----------+-------------------------------------------
     0 | D:1      | RonnieColeman the Octopode Conjurer began the quest for the
                  | Orb.
     0 | D:1      | Reached XP level 1. HP: 11/11 MP: 3/3
    92 | D:1      | Reached XP level 2. HP: 17/17 MP: 5/5
   882 | D:2      | Reached XP level 3. HP: 21/21 MP: 7/7
  1855 | D:3      | Reached XP level 4. HP: 27/27 MP: 9/9
  2549 | D:3      | Reached XP level 5. HP: 31/31 MP: 11/11
  3061 | D:3      | Learned a level 4 spell: Iskenderun's Mystic Blast
  3264 | D:4      | Reached skill level 5 in Conjurations
  3461 | D:4      | Reached XP level 6. HP: 36/36 MP: 13/13
  3684 | D:4      | Found Riergh's Antique Weapon Boutique.
  3738 | D:4      | Reached skill level 5 in Spellcasting
  4399 | D:5      | Entered Level 5 of the Dungeon
  4598 | D:5      | Slain by an iguana

Illustrated notes

Levels and vault maps discovered:
D:1:      wander_arrival_peaceful_grave, layout_rooms
D:2:      layout_basic, first_ration
D:3:      layout_basic, minmay_misc_feat_five, minmay_pentomino_pile
D:4:      layout_layer_cave, serial_shops, shop, chequers_jeans,
          kennysheep_minor_cross
D:5:      layout_basic

Skill      XL: |  1  2  3  4  5  6 |
---------------+-------------------+-----
Spellcasting   | 3 4 5 |  5.3
Conjurations   | 5 |  5.5
Dodging        | |  2.0
Stealth        | |  2.6

Action                   |  1- 3 |  4- 6 || total
-------------------------+-------+-------++-------
Melee: Unarmed           |     8 |       ||     8
       Dagger            |    43 |       ||    43
       Constrict         |    12 |     8 ||    20
       Tentacles         |     9 |     2 ||    11
       Hand axe          |       |    25 ||    25
 Cast: Magic Dart        |    48 |   128 ||   176
 Stab: Sleeping          |     5 |       ||     5
  Eat: Chunk             |     3 |     6 ||     9
       Ration            |       |     1 ||     1
Armor: Skin              |    10 |     1 ||    11
Dodge: Dodged            |    34 |    25 ||    59
